AoeStats
← 轉隊長就跳海

Oasis

510115569Analyzed
3v3 RM · 1d ago on Sep 29, 2026· 42m 34s· 6 players
Game mode
Random Map
Map size
Normal (6 player)
Population
200
Speed
Normal
Resources
Standard
Victory
Conquest
Starting age
Dark Age
Ending age
Imperial Age
RankedLock teamsTeams togetherTeam positionsShared explorationLock speedFull tech treeHidden civsTurbo modeCheats
Victory
Defeat
🇹🇼 Persians · Taiwan
1139
+13
🇹🇼 Magyars · Taiwan
1085
+15
🇹🇼 Maya · Taiwan
1055
+16
🇭🇰 Danes · Hong Kong SAR China
1211
-20
🇭🇰 Varangians · Hong Kong SAR China
1002
-12
🇭🇰 Byzantines · Hong Kong SAR China
989
-21
KuPanda
5:38 Loom
11:57 Feudal Age
15:36 Wheelbarrow
18:45 Castle Age
17:12 Double-Bit Axe
17:09 Horse Collar
23:14 Town Watch
27:27 Heavy Plow
29:57 Bow Saw
31:14 Fletching
34:11 Imperial Age
31:59 Hand Cart
32:45 Gold Mining
32:55 Bodkin Arrow
33:10 Stone Mining
34:03 Gold Shaft Mining
33:59 Scale Mail Armor
34:10 Forging
34:46 Caravan
36:18 Stone Shaft Mining
36:02 Devotion
35:48 Northmen's Fury
36:52 Siege Engineers
37:49 Chemistry
37:19 Conscription
37:31 Onager
39:00 Elite Jomsviking
40:08 Chain Mail Armor
42:04 Plate Mail Armor
Mayho
11:50 Feudal Age
16:46 Castle Age
15:29 Loom
16:20 Wheelbarrow
21:16 Double-Bit Axe
23:23 Horse Collar
24:55 Bow Saw
26:48 Stone Mining
27:38 Gold Mining
28:04 Heavy Plow
30:53 Stone Shaft Mining
30:11 Gambesons
30:17 Gambesons
30:35 Squires
31:48 Scale Mail Armor
32:00 Forging
33:04 Caravan
39:20 Bloodlines
39:10 Husbandry
43:21 Imperial Age
41:32 Scale Barding Armor
q2e_lol
11:47 Feudal Age
15:21 Loom
27:44 Wheelbarrow
29:48 Castle Age
29:01 Horse Collar
29:09 Double-Bit Axe
32:06 Wheelbarrow
35:12 Pikeman
轉隊長就跳海
0:28 Loom
11:29 Feudal Age
15:30 Double-Bit Axe
23:09 Castle Age
21:03 Fletching
22:13 Horse Collar
23:34 Crossbowman
24:19 Thumb Ring
27:39 Bow Saw
30:46 Ballistics
31:36 Fortified Wall
37:31 Imperial Age
37:56 Arbalester
39:41 Chemistry
清華校草
8:21 Loom
10:39 Feudal Age
15:18 Castle Age
13:28 Double-Bit Axe
13:25 Horse Collar
15:49 Forging
26:34 Bow Saw
27:26 Heavy Plow
28:19 Wheelbarrow
31:39 Imperial Age
29:43 Hand Cart
30:08 Husbandry
30:19 Bloodlines
30:58 Iron Casting
31:09 Scale Barding Armor
31:00 Gold Mining
31:25 Town Watch
31:31 Cavalier
33:14 Chain Barding Armor
33:18 Town Patrol
34:25 Blast Furnace
34:47 Plate Barding Armor
35:18 Savar
39:15 Crop Rotation
39:48 Two-Man Saw
DumboBean
8:51 Loom
10:56 Feudal Age
11:44 Double-Bit Axe
11:45 Horse Collar
21:00 Castle Age
19:55 Gold Mining
19:55 Stone Mining
20:01 Stone Mining
21:09 Fletching
22:42 Bow Saw
23:50 Wheelbarrow
24:05 Heavy Plow
25:09 Padded Archer Armor
25:56 Town Watch
30:38 Bodkin Arrow
31:13 Ballistics
33:46 Imperial Age
31:59 Thumb Ring
33:48 Leather Archer Armor
35:10 Conscription
35:58 Parthian Tactics
36:14 Bracer
37:02 Heavy Cavalry Archer
38:36 Gold Shaft Mining
39:49 Recurve Bow
40:51 Hand Cart
40:44 Town Patrol
42:38 Chemistry
Connection lost

Rejoining the realm…

Still unreachable

The connection could not be restored.

Session expired

The server has moved on; the page needs a fresh start.